 Dungeon Crawl Stone Soup version 0.28-a0-938-gbc3f381ebc (webtiles) character file.

Game seed: 11077110503860898210

625 mainiacjoe the Sneak (level 7, 0/46 HPs)
             Began as a Vampire Summoner on Nov 30, 2021.
             Succumbed to a water moccasin's poison
             ... on level 5 of the Dungeon.
             The game lasted 00:16:35 (4703 turns).

mainiacjoe the Sneak (Vampire Summoner)             Turns: 4703, Time: 00:16:36

Health: 0/46       AC:  2    Str:  7    XL:     7   Next: 23%
Magic:  1/11       EV: 12    Int: 20    God:
Gold:   122        SH:  5    Dex: 14    Spells: 0/12 levels left

rFire   . . .      SeeInvis +   a - +0 dagger (drain)
rCold   . . .      Faith    .   h - +0 buckler
rNeg    . . .      Spirit   .   o - +0 robe
rPois   .          Reflect  .   (no helmet)
rElec   .          Harm     .   (no cloak)
rCorr   .          Rampage  .   (no gloves)
Will    .....                   (no boots)
Stlth   +++.......              (no amulet)
HPRegen 0.35/turn               (no ring)
MPRegen 0.12/turn               (no ring)

@: lethally poisoned (0 -> -11), healing quickly
A: alive, fangs 3, see invisible, vampiric 2
a: Exsanguinate


You were on level 5 of the Dungeon.
You visited 1 branch of the dungeon, and saw 5 of its levels.

You collected 122 gold pieces.

Inventory:

Hand Weapons
 a - a +0 dagger of draining (weapon)
 d - a +0 short sword
 l - a +0 trident
Missiles
 c - 185 stones
 f - 9 poisoned darts (quivered)
 j - 42 bolts
 m - 21 sling bullets
 n - 17 arrows
Armour
 h - a +0 buckler (worn)
 o - a +0 robe (worn)
Wands
 r - a wand of flame (29)
 s - a wand of polymorph (7)
Scrolls
 b - 2 scrolls of amnesia
 e - a scroll of fog {unknown}
 k - a scroll of fear
 p - a scroll of torment {unknown}
 t - a scroll of silence {unknown}
Potions
 g - 2 potions of brilliance
 i - 2 potions of flight
 q - a potion of heal wounds
 u - a potion of curing {unknown}
 v - a potion of might {unknown}


   Skills:
 - Level 2.2 Dodging
 + Level 6.6 Stealth
 * Level 3.7 Shields
 - Level 3.0 Spellcasting
 + Level 1.1 Hexes
 + Level 5.5 Summonings
 + Level 1.9 Air Magic


You couldn't memorise any spells.
You knew the following spells:

 Your Spells              Type           Power      Damage    Failure   Level
a - Summon Guardian Gole  Hex/Summ       16%        N/A       11%         3
b - Call Imp              Summ           25%        N/A       2%          2
c - Call Canine Familiar  Summ           25%        N/A       4%          3
d - Summon Lightning Spi  Summ/Air       17%        N/A       30%         4

Your spell library contained the following spells:

 Spells                   Type           Power      Damage    Failure   Level
 Summon Small Mammal      Summ           100%       N/A       1%          1
 Shock                    Conj/Air       24%        1d4       10%         1
 Swiftness                Air            10%        N/A       21%         3
 Ignite Poison            Fire/Tmut/Pois 3%         N/A       38%         3
 Airstrike                Air            5%         N/A       54%         4
 Alistair's Intoxication  Tmut/Pois      2%         N/A       98%         5


Dungeon Overview and Level Annotations

Branches:
Dungeon (5/15)
 Temple: D:4-7

Altars:
Gozag
Kikubaaqudgha
Okawaru
Uskayaw

Annotations:
D:3 exclusions: 3 orcs and orc priest
D:4 Dowan, Duvessa


Innate Abilities, Weirdness & Mutations

Your natural rate of healing is accelerated.
You have razor-sharp teeth.
You have supernaturally acute eyesight. (SInv)
You are afflicted with vampirism and can become a bat while bloodless.


Message History

You don't have enough magic to cast this spell.
Aiming: Throw Flame
Press: ? - help, Shift-Dir - straight line, f/p - water moccasin
Aim: a water moccasin (severely wounded, 48% to hit)
The puff of flame misses the water moccasin.
Aiming: Throw Flame
Press: ? - help, Shift-Dir - straight line, f/p - water moccasin
Aim: a water moccasin (grey smoke, severely wounded, 48% to hit)
The puff of flame hits the water moccasin.
The water moccasin is severely wounded.
Aiming: Throw Flame
Press: ? - help, Shift-Dir - straight line, f/p - water moccasin
Aim: a water moccasin (grey smoke, severely wounded, 48% to hit)
The puff of flame hits the water moccasin.
The water moccasin is almost dead.
The water moccasin misses you.
Aiming: Throw Flame
Press: ? - help, Shift-Dir - straight line, f/p - water moccasin
Aim: a water moccasin (almost dead, 48% to hit)
The puff of flame misses the water moccasin.
The water moccasin bites you.
You are poisoned.
The water moccasin poisons you!
Aiming: Throw Flame
Press: ? - help, Shift-Dir - straight line, f/p - water moccasin
Aim: a water moccasin (almost dead, 48% to hit)
The puff of flame hits the water moccasin.
The water moccasin is almost dead.
* * * LOW HITPOINT WARNING * * *
You feel very sick. The water moccasin bites you.
* * * LOW HITPOINT WARNING * * *
The water moccasin bites you.
* * * LOW HITPOINT WARNING * * *
Aiming: Throw Flame
Press: ? - help, Shift-Dir - straight line, f/p - water moccasin
Aim: a water moccasin (almost dead, 48% to hit)
The puff of flame hits the water moccasin.
You kill the water moccasin!
You die...

+.............# #.#
#.............# #.#
#.....<.(.....# #.#
#......(......# #.#
#...........).# #.#
#............># #.#
#...........### #.#
#........†..# #.#
#........@..# #.#
.............# #.#
.##...........##########.#
#......................#
###########.############
..........# ###########


There were no monsters in sight!

Vanquished Creatures
  A water moccasin (D:5)
  A jelly (D:4)
  Natasha (twice) (D:4)
  2 orc wizards (D:4)
  3 adders
  An orc (D:4)
  4 ball pythons
  2 bats
  5 endoplasms
  3 giant cockroaches
  5 goblins
  A quokka (D:2)
  3 frilled lizards
  6 kobolds
  3 rats
42 creatures vanquished.

Vanquished Creatures (collateral kills)
  A black bear (D:5)
  An orc priest (D:4)
  An iguana (D:4)
  Natasha (D:4)
  3 orc wizards (D:4)
  A howler monkey zombie (D:4)
  3 gnolls (D:3)
  5 adders
  2 adder skeletons (D:4)
  4 worms
  7 orcs (D:4)
  4 ball pythons
  2 bats (D:1)
  4 endoplasms
  2 goblins (D:1)
  5 hobgoblins
  5 kobolds (D:1)
  2 quokkas
  A frilled lizard (D:1)
  A rat (D:1)
55 creatures vanquished.

Vanquished Creatures (others)
  A bullfrog skeleton (D:5)
1 creature vanquished.

Grand Total: 98 creatures vanquished

Notes
Turn   | Place    | Note
-------+----------+-------------------------------------------
     0 | D:1      | mainiacjoe the Vampire Summoner began the quest for the
                  | Orb.
     0 | D:1      | Reached XP level 1. HP: 13/13 MP: 3/3
   215 | D:1      | Reached XP level 2. HP: 19/19 MP: 1/5
   226 | D:1      | Learned a level 2 spell: Call Imp
   738 | D:1      | Reached skill level 4 in Stealth
   738 | D:1      | Gained mutation: You are afflicted with vampirism and can
                  | become a bat while bloodless. [Vampire growth]
   738 | D:1      | Reached XP level 3. HP: 24/24 MP: 6/6
   765 | D:1      | Learned a level 3 spell: Call Canine Familiar
   890 | D:2      | Got Sif Muna's Grimoire of Changing
  1240 | D:2      | Reached XP level 4. HP: 30/30 MP: 5/8
  1353 | D:2      | Found a faded altar of an unknown god.
  2027 | D:3      | Found an opulent altar of Gozag.
  2265 | D:3      | Reached skill level 1 in Shields
  2459 | D:3      | Reached skill level 5 in Stealth
  2493 | D:3      | Reached XP level 5. HP: 35/35 MP: 5/9
  2656 | D:3      | Found an iron altar of Okawaru.
  3279 | D:4      | Reached skill level 5 in Summonings
  3330 | D:4      | Learned a level 4 spell: Summon Lightning Spire
  3401 | D:4      | Reached XP level 6. HP: 19/41 MP: 3/10
  3531 | D:4      | Reached skill level 6 in Stealth
  3531 | D:4      | Reached skill level 1 in Air Magic
  3690 | D:4      | Noticed Duvessa
  3690 | D:4      | Noticed Dowan
  3726 | D:4      | Noticed Natasha
  3732 | D:4      | Killed Natasha
  3765 | D:4      | Found an ancient bone altar of Kikubaaqudgha.
  3765 | D:4      | Found a hide-covered altar of Uskayaw.
  3788 | D:4      | Noticed Natasha
  3802 | D:4      | Killed Natasha
  4040 | D:4      | Noticed Natasha
  4046 | D:4      | Killed Natasha
  4105 | D:4      | Reached XP level 7. HP: 36/46 MP: 8/11
  4581 | D:5      | Entered Level 5 of the Dungeon
  4588 | D:5      | Learned a level 3 spell: Summon Guardian Golem
  4665 | D:5      | Reached skill level 1 in Hexes
  4703 | D:5      | Succumbed to a water moccasin's poison

Illustrated notes

Levels and vault maps discovered:
D:1:      dpeg_arrival_ternary, layout_rooms
D:2:      layout_loops_ring, basic_ecumenical_altar, kennysheep_generic_room_14
D:3:      wander_river, layout_basic, okawaru_metal_pillars_1_2,
          grunt_gozag_statues
D:4:      layout_basic, gammafunk_temple_overflow_elements, uniq_natasha,
          uniq_duvessa
D:5:      layout_basic, chequers_temple_overflow_minitemple

Skill      XL: |  1  2  3  4  5  6  7 |
---------------+----------------------+-----
Stealth        | 4 5 6 |  6.6
Shields        | 1 2 3 |  3.7
Spellcasting   | 3 |  3.0
Summonings     | 5 |  5.5
Air Magic      | 1 |  1.9
Hexes          | 1 |  1.1
Dodging        | |  2.2

Action                   |  1- 3 |  4- 6 |  7- 9 || total
-------------------------+-------+-------+-------++-------
Melee: Short sword       |    36 |    58 |       ||    94
       Dagger            |       |    60 |     8 ||    68
       Bite              |       |     6 |       ||     6
Throw: Dart              |     3 |    65 |     2 ||    70
 Cast: Summon Small Mamm |    26 |    22 |       ||    48
       Call Imp          |    10 |    19 |     1 ||    30
       Call Canine Famil |     2 |     9 |     3 ||    14
       Summon Guardian G |       |       |     2 ||     2
Evoke: Wand              |       |       |     6 ||     6
  Use: Scroll            |       |     4 |     2 ||     6
 Stab: Sleeping          |     4 |     5 |       ||     9
Armor: Robe              |     8 |    11 |       ||    19
Dodge: Dodged            |    25 |    72 |    10 ||   107
Block: Buckler           |       |    18 |     2 ||    20

Table legend: (Time is in decaauts)
 A = Elapsed time spent in this place.
 B = Non-inter-level travel time spent in this place.
 C = Inter-level travel time spent in this place.
 D = Time resting spent in this place.
 E = Time spent auto-exploring this place.
 F = Levels seen in this place.
 G = Mean time per level.
                   A        B        C        D        E       F      G
               +--------+--------+--------+--------+--------+-----+--------+
         Total |   4763 |   4665 |     98 |    369 |   3141 |   5 |  952.6 |
       Dungeon |   4763 |   4665 |     98 |    369 |   3141 |   5 |  952.6 |
               +--------+--------+--------+--------+--------+-----+--------+

Top non-repeatable levels by time:
     D:4: 1522 daAuts
     D:2: 1148 daAuts
     D:3: 1109 daAuts
     D:1: 862 daAuts
     D:5: 121 daAuts
